AoeStats
← oe409454

African Clearing

504807392Analyzed
4v4 RM · 27d ago on Sep 6, 2026· 46m 16s· 8 players
Game mode
Random Map
Map size
Large (8 player)
Population
200
Speed
Normal
Resources
Standard
Victory
Conquest
Starting age
Dark Age
Ending age
Imperial Age
RankedLock teamsTeams togetherTeam positionsShared explorationLock speedFull tech treeHidden civsTurbo modeCheats
Victory
Defeat
🇦🇷 Vietnamese · Argentina
1028
+15
🇭🇰 Huns · Hong Kong SAR China
1019
+15
🇦🇷 Cumans · Argentina
985
+16
🇨🇳 Magyars · China
959
+17
🇪🇸 Magyars · Spain
1036
-17
🇬🇧 Cumans · United Kingdom
994
-16
🇷🇺 Koreans · Russia
980
-15
🇩🇪 Portuguese · Germany
968
-15
sam.pidgeon
8:07 Loom
14:43 Feudal Age
15:50 Double-Bit Axe
22:55 Scale Barding Armor
25:22 Wheelbarrow
25:36 Bloodlines
25:23 Horse Collar
29:06 Castle Age
27:38 Padded Archer Armor
27:29 Fletching
28:39 Forging
28:29 Scale Mail Armor
28:44 Gold Mining
30:20 Town Watch
30:10 Elite Skirmisher
30:14 Crossbowman
32:35 Light Cavalry
35:23 Hand Cart
36:44 Iron Casting
37:55 Chain Barding Armor
37:38 Town Patrol
40:24 Murder Holes
41:24 Capped Ram
44:21 Bow Saw
44:09 Bodkin Arrow
44:29 Leather Archer Armor
matthiasnuss
16:06 Feudal Age
18:06 Wheelbarrow
20:36 Castle Age
18:33 Horse Collar
18:44 Double-Bit Axe
20:17 Horse Collar
25:35 Hand Cart
28:07 Loom
31:43 Stone Mining
31:43 Gold Mining
36:57 Imperial Age
35:15 Stone Shaft Mining
38:54 Coinage
40:44 Banking
41:11 Elite Organ Gun
zansob
16:49 Feudal Age
17:18 Double-Bit Axe
17:16 Horse Collar
20:24 Wheelbarrow
20:43 Loom
24:17 Castle Age
25:59 Bow Saw
33:51 Stone Mining
34:58 Hand Cart
38:23 Stone Shaft Mining
37:40 Gold Mining
40:49 Gold Shaft Mining
45:07 Imperial Age
43:03 Hand Cart
multiservicios12
17:01 Feudal Age
17:50 Feudal Age
20:59 Horse Collar
24:14 Castle Age
27:57 Corvinian Army
28:42 Scale Mail Armor
28:50 Scale Barding Armor
32:24 Chain Barding Armor
45:04 Imperial Age
Dearboy
4:00 Loom
14:21 Feudal Age
14:57 Double-Bit Axe
15:27 Gold Mining
18:41 Wheelbarrow
20:10 Horse Collar
22:05 Stone Mining
22:04 Town Watch
27:17 Castle Age
26:40 Scale Barding Armor
26:36 Scale Mail Armor
27:48 Light Cavalry
28:39 Bloodlines
28:47 Hand Cart
29:22 Bow Saw
30:41 Heavy Plow
32:14 Forging
33:39 Fletching
33:49 Padded Archer Armor
35:29 Gold Shaft Mining
35:16 Chain Barding Armor
35:31 Iron Casting
38:27 Imperial Age
37:04 Steppe Husbandry
37:06 Padded Archer Armor
37:02 Bodkin Arrow
38:32 Cavalier
39:38 Town Patrol
40:17 Plate Barding Armor
40:43 Blast Furnace
39:13 Elite Kipchak
40:13 Conscription
41:00 Two-Man Saw
40:32 Crop Rotation
40:22 Leather Archer Armor
40:18 Paladin
41:05 Hussar
43:11 Chemistry
42:31 Ballistics
42:16 Sappers
43:22 Hoardings
43:13 Ballistics
46:44 Cuman Mercenaries
46:47 Scale Mail Armor
47:17 Ring Archer Armor
46:10 Elite Steppe Lancer
Cheblin
12:58 Loom
14:44 Feudal Age
15:58 Double-Bit Axe
17:33 Fletching
25:09 Castle Age
24:49 Horse Collar
25:14 Crossbowman
25:59 Thumb Ring
26:21 Bow Saw
31:28 Wheelbarrow
33:11 Scale Mail Armor
33:22 Forging
33:18 Squires
33:53 Gold Mining
34:18 Bodkin Arrow
34:40 Chain Mail Armor
41:24 Town Watch
44:26 Iron Casting
Kingssiu
11:25 Loom
13:51 Feudal Age
18:46 Castle Age
17:13 Horse Collar
19:31 Double-Bit Axe
26:52 Scale Barding Armor
28:11 Bloodlines
31:35 Chain Barding Armor
31:26 Forging
31:42 Chain Barding Armor
34:38 Iron Casting
35:14 Husbandry
36:01 Gold Mining
39:34 Bow Saw
42:12 Imperial Age
40:17 Scale Mail Armor
43:13 Gold Shaft Mining
42:49 Heavy Plow
42:14 Cavalier
43:59 Plate Barding Armor
44:44 Paladin
46:37 Blast Furnace
47:12 Conscription
oe409454
15:42 Feudal Age
18:00 Double-Bit Axe
20:31 Castle Age
18:17 Loom
18:35 Gold Mining
18:42 Fishing Lines
20:39 Stone Mining
20:41 Fletching
20:51 Padded Archer Armor
21:53 Bow Saw
22:11 Bodkin Arrow
26:11 Leather Archer Armor
27:41 Wheelbarrow
31:23 Gold Shaft Mining
31:50 Ballistics
32:17 Hand Cart
34:40 Town Watch
39:12 Imperial Age
36:34 Gillnets
37:32 Thumb Ring
38:41 Husbandry
38:52 Bloodlines
41:12 Two-Man Saw
40:39 Parthian Tactics
39:40 Heavy Cavalry Archer
40:22 Recurve Bow
40:42 Conscription
41:00 Town Patrol
42:01 Bracer
42:32 Ring Archer Armor
42:17 Horse Collar
42:50 Corvinian Army
43:11 Elite Magyar Huszar
45:12 Scale Barding Armor
Connection lost

Rejoining the realm…

Still unreachable

The connection could not be restored.

Session expired

The server has moved on; the page needs a fresh start.